 Dungeon Crawl Stone Soup version 0.22-a0-254-gaf95ca0ccb (webtiles) character file.

35272 Peterchen the Executioner (level 13, -12/95 HPs)
             Began as a Minotaur Berserker on Mar 4, 2018.
             Was a High Priest of Trog.
             Hit by a large rock thrown by a cyclops (24 damage)
             ... on level 14 of the Dungeon.
             The game lasted 00:38:06 (16331 turns).

Peterchen the Executioner (Minotaur Berserker)     Turns: 16331, Time: 00:38:06

Health: -12/95     AC: 14    Str: 31    XL:     13   Next: 46%
Magic:  9/12       EV:  8    Int:  4    God:    Trog [*****.]
Gold:   1234       SH:  0    Dex: 10    Spells: 12/12 levels left

rFire    + + .     SeeInvis .   J - +4 executioner's axe (chop)
rCold    x . .     Gourm    .   (shield currently unavailable)
rNeg     . . .     Faith    .   M - +0 plate armour {rF+}
rPois    +         Spirit   .   (helmet restricted)
rElec    .         Reflect  .   p - +1 cloak {rPois}
rCorr    .         Harm     .   S - +0 pair of gloves
MR       +....     Rnd*Tele +   (no boots)
Stlth    ..........             (no amulet)
HPRegen  0.25/turn              B - ring of fire
MPRegen  0.13/turn              P - ring "Caskyifi" {*Tele MR+ Str+4}

@: berserk cooldown, slowed, very slow
A: retaliatory headbutt, horns 2
a: Berserk, Trog's Hand, Brothers in Arms, Renounce Religion


You were on level 14 of the Dungeon.
You worshipped Trog.
Trog was extremely pleased with you.
You were hungry.

You visited 1 branch of the dungeon, and saw 14 of its levels.

You collected 1234 gold pieces.

Inventory:

Hand Weapons
 J - a +4 executioner's axe of chopping (weapon)
Missiles
 y - 11 javelins (quivered)
Armour
 p - a +1 cloak of poison resistance (worn)
 M - a +0 plate armour of fire resistance (worn)
 S - a +0 pair of gloves (worn)
Jewellery
 r - an uncursed ring of see invisible
 w - an uncursed ring of ice
 B - a ring of fire (left hand)
 K - the ring "Rylul" {rC+ Int+2}
   (You took it off an ogre mage on level 12 of the Dungeon)

   [ring of protection from cold]

   It affects your intelligence (+2).
   It protects you from cold.
 P - the ring "Caskyifi" (right hand) {*Tele MR+ Str+4}
   (You took it off an orc warrior on level 12 of the Dungeon)

   [ring of teleportation]

   It may teleport you next to monsters.
   It affects your strength (+4).
   It affects your resistance to hostile enchantments.
 Q - an uncursed ring of flight
Wands
 a - a wand of acid (5)
 m - a wand of iceblast (22)
 t - a wand of digging (30)
 v - a wand of flame (7)
 D - a wand of random effects (11)
 L - a wand of enslavement (13)
Scrolls
 b - 4 scrolls of teleportation
 d - 2 scrolls of immolation
 i - 2 scrolls of remove curse
 l - 5 scrolls of amnesia
 q - a scroll of acquirement {unknown}
 u - 3 scrolls of enchant armour
 x - 3 scrolls of fear
 A - a scroll of enchant weapon {unknown}
 C - 3 scrolls of fog
 E - a scroll of magic mapping
 F - 2 scrolls of vulnerability {unknown}
 T - a scroll of random uselessness {unknown}
Potions
 e - 2 potions of degeneration {unknown}
 f - 3 potions of lignification {unknown}
 g - 6 potions of curing
 h - 5 potions of might
 j - 3 potions of heal wounds {unknown}
 k - 4 potions of mutation {unknown}
 n - a potion of agility {unknown}
 o - 3 potions of ambrosia {unknown}
 s - 2 potions of haste
 z - a potion of magic {unknown}
 G - a potion of experience {unknown}
 H - a potion of resistance {unknown}
 I - a potion of cancellation {unknown}
Miscellaneous
 N - a phantom mirror
 O - a box of beasts
Comestibles
 c - 29 rations
 R - 4 chunks of flesh


   Skills:
 - Level 3.6 Fighting
 * Level 24.2 Axes
 - Level 2.4 Armour
 - Level 2.1 Dodging


You had 12 spell levels left.
You didn't know any spells.

Dungeon Overview and Level Annotations

Branches:
Dungeon (14/15)            Temple (0/1) D:7            Lair (0/6) D:11
    Orc (0/2) D:10
 Vaults: D:13-14

Altars:
Cheibriados
Elyvilon
Nemelex Xobeh
Uskayaw
Vehumet
Xom
Zin
Beogh

Shops:
D:7 (   D:11 :


Innate Abilities, Weirdness & Mutations

You reflexively headbutt those who attack you in melee.
You have a pair of horns on your head.


Message History

The eye of draining turns its gaze towards you.
You hear a screech!
You hear a croak.
A hippogriff comes into view.
You are too berserk!
You are too berserk!
The tengu warrior unwields an uncursed glaive.
The tengu warrior wields a longbow.
The tengu warrior shoots an arrow.
The arrow hits you!!
* * * LOW HITPOINT WARNING * * *
Found a stone staircase leading down.
A wyvern skeleton comes into view.
You see here an arrow.
You feel a strong urge to attack something.
A cyclops comes into view.
The cyclops shouts!
You are no longer berserk.
You are exhausted.
You feel yourself slow down.
The cyclops throws a large rock.
The large rock hits you!!
You die...

#. .# .
#.#..#.
...... #.#.#
###
#.Z.#####....
#.G........
#H(...Q....
#.......D..
#@....Q....
#..........
#..........
#..####..#.
.... #..
..... >.
.C... ...####


You could see an eight-headed hydra, 2 tengu warriors, a cyclops, a hippogriff,
an eye of draining and a wyvern skeleton.

Vanquished Creatures
  Harold (D:12)
  3 hydras
  7 two-headed ogres
  Erica (D:12)
  A tengu warrior (D:14)
  3 centaur warriors
  2 ogre magi (D:12)
  An unseen horror (D:12)
  2 ugly things (D:11)
  A manticore (D:12)
  2 cyclopes (D:11)
  3 deep elf magi (D:12)
  A guardian serpent (D:13)
  A torpor snail (shapeshifter) (D:11)
  3 gargoyles
  A komodo dragon (D:11)
  A kobold demonologist (D:11)
  A troll (shapeshifter) (D:13)
  6 trolls
  A meliai (shapeshifter) (D:14)
  A hornet (D:12)
  Grinder (D:6)
  2 hippogriffs
  3 vampires
  A shadow (D:12)
  A hog (D:10)
  3 hungry ghosts
  3 wyverns
  3 basilisks
  A human (D:10)
  15 yaks
  Grum (D:8)
  3 steam dragons
  A vampire mosquito (D:11)
  A soldier ant (D:13)
  A water moccasin (shapeshifter) (D:11)
  Duvessa (D:6)
  A hornet zombie (D:9)
  5 sky beasts
  An eye of draining (D:10)
  4 ice beasts
  11 orc warriors
  An eye of draining (shapeshifter) (D:14)
  7 ogres
  10 necrophages
  3 wolves (D:8)
  A boggart (D:11)
  5 centaurs
  7 bullfrogs
  Dowan (D:6)
  3 scorpions
  6 killer bees (D:12)
  11 wights
  10 howler monkeys
  An electric eel (D:13)
  2 crimson imps
  3 bullfrog zombies
  A quasit (D:11)
  4 centaur skeletons
  10 orc priests
  4 bullfrog skeletons
  Crazy Yiuf (D:2)
  6 centaur zombies
  3 hounds
  3 jellies
  5 iguanas
  Terence (D:2)
  9 worker ants
  11 orc wizards
  2 mummies (D:9)
  4 worker ant zombies
  Robin (D:4)
  15 adders
  3 gnolls (D:2)
  2 shadow imps
  2 oozes
  4 adder zombies
  2 adder skeletons (D:4)
  4 worms (D:2)
  A dart slug (D:2)
  5 leopard geckos
  49 orcs
  8 bats
  5 giant cockroaches
  13 hobgoblins
  14 jackals
  4 quokkas
  3 ball pythons
  4 frilled lizards
  16 goblins
  A jackal zombie (D:8)
  7 kobolds
  A leopard gecko skeleton (D:6)
  9 rats
  A withered plant (D:9)
415 creatures vanquished.

Vanquished Creatures (collateral kills)
  A centaur warrior (D:13)
  Urug (D:12)
  A wizard (D:12)
  A troll (D:12)
  A basilisk (D:12)
  3 centaurs (D:13)
  A bullfrog (D:13)
9 creatures vanquished.

Grand Total: 424 creatures vanquished

Notes
Turn   | Place    | Note
-------+----------+-------------------------------------------
     0 | D:1      | Peterchen the Minotaur Berserker began the quest for the Orb.
     0 | D:1      | Reached XP level 1. HP: 19/19 MP: 0/0
    82 | D:1      | Reached skill level 4 in Axes
   125 | D:1      | Reached XP level 2. HP: 20/26 MP: 1/1
   845 | D:2      | Found a white marble altar of Elyvilon.
   858 | D:2      | Reached skill level 5 in Axes
   945 | D:2      | Reached ** piety under Trog
   945 | D:2      | Reached XP level 3. HP: 31/31 MP: 2/2
   983 | D:2      | Found a glowing silver altar of Zin.
  1571 | D:2      | Reached skill level 6 in Axes
  1571 | D:2      | Reached XP level 4. HP: 31/39 MP: 3/3
  1892 | D:2      | Noticed Terence
  1898 | D:2      | Killed Terence
  1898 | D:2      | Reached XP level 5. HP: 45/45 MP: 4/4
  1942 | D:2      | Reached skill level 7 in Axes
  2331 | D:2      | Found a runed door.
  2385 | D:2      | Noticed Crazy Yiuf
  2389 | D:2      | Killed Crazy Yiuf
  2596 | D:3      | Found a snail-covered altar of Cheibriados.
  2615 | D:3      | Reached *** piety under Trog
  2829 | D:3      | Found a radiant altar of Vehumet.
  2860 | D:3      | Found a hide-covered altar of Uskayaw.
  2862 | D:3      | Found a shimmering altar of Xom.
  3103 | D:4      | Noticed Robin
  3104 | D:4      | Noticed an ogre
  3109 | D:4      | Reached skill level 8 in Axes
  3112 | D:4      | Killed an ogre
  3112 | D:4      | Reached XP level 6. HP: 42/51 MP: 5/5
  3116 | D:4      | Killed Robin
  3318 | D:4      | Reached skill level 9 in Axes
  3428 | D:5      | Entered Level 5 of the Dungeon
  3435 | D:5      | Noticed an ice beast
  3439 | D:5      | Reached **** piety under Trog
  3445 | D:5      | Killed an ice beast
  3445 | D:5      | Reached XP level 7. HP: 43/57 MP: 6/6
  3737 | D:5      | Reached skill level 10 in Axes
  4191 | D:6      | Noticed Dowan
  4193 | D:6      | Noticed Duvessa
  4195 | D:6      | Killed Dowan
  4204 | D:6      | Killed Duvessa
  4204 | D:6      | Reached skill level 11 in Axes
  4386 | D:6      | Noticed Grinder
  4403 | D:6      | Killed Grinder
  4403 | D:6      | Reached XP level 8. HP: 60/64 MP: 7/7
  4404 | D:6      | Reached skill level 12 in Axes
  4890 | D:6      | Reached skill level 13 in Axes
  5550 | D:7      | Reached XP level 9. HP: 59/70 MP: 8/8
  5591 | D:7      | Reached skill level 14 in Axes
  5734 | D:7      | Found Xixiceac's Weapon Emporium.
  5738 | D:7      | Noticed a troll
  5746 | D:7      | Killed a troll
  5862 | D:7      | Found a staircase to the Ecumenical Temple.
  6013 | D:7      | Found a sparkling altar of Nemelex Xobeh.
  6386 | D:8      | Noticed Grum
  6400 | D:8      | Reached skill level 15 in Axes
  6401 | D:8      | Killed Grum
  7566 | D:9      | Reached skill level 16 in Axes
  7579 | D:9      | Reached ***** piety under Trog
  7778 | D:9      | Reached XP level 10. HP: 77/77 MP: 9/9
  8331 | D:9      | Reached skill level 17 in Axes
  8431 | D:9      | Received a gift from Trog
  8712 | D:10     | Entered Level 10 of the Dungeon
  8725 | D:10     | Found a roughly hewn altar of Beogh.
  8725 | D:10     | Found a staircase to the Orcish Mines.
  9076 | D:10     | Reached skill level 18 in Axes
  9155 | D:10     | Noticed a two-headed ogre
  9158 | D:10     | Killed a two-headed ogre
  9178 | D:10     | Reached XP level 11. HP: 82/82 MP: 10/10
  9883 | D:10     | Reached skill level 19 in Axes
 10705 | D:11     | Noticed a five-headed hydra
 10711 | D:11     | Killed a nine-headed hydra
 11073 | D:11     | Found a staircase to the Lair.
 11082 | D:11     | Found Baumen's Book Emporium.
 11110 | D:11     | Reached skill level 20 in Axes
 11131 | D:11     | Noticed a green ugly thing
 11333 | D:11     | Paralysed by fainting for 7 turns
 11581 | D:11     | Noticed a green ugly thing
 11593 | D:11     | Killed a green ugly thing
 11674 | D:11     | Noticed an eight-headed hydra
 11777 | D:11     | Killed an 11-headed hydra
 11777 | D:11     | Received a gift from Trog
 11836 | D:11     | Noticed a centaur warrior
 11843 | D:11     | Killed a centaur warrior
 11844 | D:11     | Killed a green ugly thing
 12114 | D:11     | Noticed a two-headed ogre
 12119 | D:11     | Reached skill level 21 in Axes
 12243 | D:11     | Reached XP level 12. HP: 41/90 MP: 11/11
 12616 | D:12     | Noticed an ogre mage
 12617 | D:12     | Killed an ogre mage
 12623 | D:12     | Noticed a two-headed ogre
 12627 | D:12     | Killed a two-headed ogre
 12638 | D:12     | Noticed a centaur warrior
 12642 | D:12     | Killed a centaur warrior
 12848 | D:12     | Noticed a two-headed ogre
 12853 | D:12     | Killed a two-headed ogre
 12853 | D:12     | Reached skill level 22 in Axes
 13149 | D:12     | Noticed a two-headed ogre
 13153 | D:12     | Killed a two-headed ogre
 13186 | D:12     | Noticed an ogre mage
 13197 | D:12     | Killed an ogre mage
 13235 | D:12     | Found a runed door.
 13252 | D:12     | HP: 2/90 [basilisk (3)]
 13625 | D:12     | Got a faintly glowing tin ring
 13726 | D:12     | Identified the ring "Rylul" {rC+ Int+2} (You took it off an ogre mage on level 12 of the Dungeon)
 13728 | D:12     | Found the +3 Elemental Staff {rElec rF++ rC++ MR++ AC+5}
 13728 | D:12     | Noticed a two-headed ogre
 13732 | D:12     | Killed a two-headed ogre
 14277 | D:12     | Reached skill level 23 in Axes
 14279 | D:12     | Got a crude ivory ring
 14437 | D:12     | Noticed Erica
 14437 | D:12     | Noticed Harold
 14495 | D:12     | Noticed Urug
 14512 | D:12     | Killed Urug
 14574 | D:12     | Killed Erica
 14692 | D:12     | Identified the ring "Caskyifi" {*Tele MR+ Str+4} (You took it off an orc warrior on level 12 of the Dungeon)
 14740 | D:12     | Killed Harold
 14740 | D:12     | Reached XP level 13. HP: 87/95 MP: 12/12
 15248 | D:12     | Got an encrusted broad axe
 15252 | D:12     | Identified the +3 broad axe of Beiv {drain, Int+3} (You found it on level 12 of the Dungeon)
 15751 | D:13     | Found the +6 arbalest "Damnation" {damnation}
 16272 | D:14     | Reached skill level 24 in Axes
 16331 | D:14     | Hit by a large rock thrown by a cyclops

Vault maps used:
D:1:      ncdulo_wetmaze
D:2:      zin_academy, elyvilon_altar_1, uniq_terence, uniq_crazy_yiuf_cottage
D:3:      minitemple, first_ration, minivault_11, grunt_decor_resistance
D:4:      uniq_robin
D:6:      nicolae_benzene_ring, uniq_duvessa, uniq_grinder
D:7:      lemuel_round_altar, minmay_temple_entry_enclosed_plants, serial_shops,
          shop
D:8:      uniq_grum
D:9:      serial_undead, serial_undead_d, serial_undead_b, serial_undead_c,
          serial_undead_d, serial_undead_a, serial_undead_c, serial_undead_f,
          serial_undead_e, serial_undead_e, serial_undead_a
D:10:     kennysheep_steamy, david_orc_5, grunt_livestock
D:11:     lair_entry_dummy, serial_shops, shop, minivault_28
D:12:     minmay_the_grid_octo_tiled_squarecenter, sword_in_stone
D:13:     minivault_1, fake_guardian_serpent_vault
D:14:     grunt_vaults_entry_tiered, minmay_misc_feat_iff, uniq_frances

Skill      XL: |  1  2  3  4  5  6  7  8  9 10 11 12 13 |
---------------+----------------------------------------+-----
Axes           | 4 5 6 8 9 11 13 16 18 21 23 24 | 24.2
Fighting       | |  3.6
Armour         | |  2.4
Dodging        | |  2.1

Action                   |  1- 3 |  4- 6 |  7- 9 | 10-12 | 13-15 || total
-------------------------+-------+-------+-------+-------+-------++-------
Melee: Hand axe          |    92 |    59 |       |       |       ||   151
       Headbutt          |    12 |    20 |    45 |   106 |    18 ||   201
       War axe           |       |    69 |   283 |    84 |       ||   436
       Battleaxe         |       |       |       |   290 |       ||   290
       Unarmed           |       |       |       |     7 |       ||     7
       Executioner's axe |       |       |       |   201 |    93 ||   294
Throw: Javelin           |       |       |     2 |     4 |       ||     6
Invok: Berserk           |     2 |     3 |     7 |    17 |     6 ||    35
       Trog's Hand       |       |     1 |     1 |       |     2 ||     4
       Brothers in Arms  |       |       |       |     3 |     2 ||     5
  Use: Scroll            |       |       |     9 |     2 |     3 ||    14
       Potion            |       |       |       |     1 |     1 ||     2
  Eat: Chunk             |     3 |    10 |    22 |    33 |     9 ||    77
       Ration            |       |       |       |     3 |     1 ||     4
Armor: Animal skin       |     8 |       |       |       |       ||     8
       Ring mail         |    19 |    48 |    14 |       |       ||    81
       Chain mail        |       |       |    79 |       |       ||    79
       Plate armour      |       |       |     6 |   272 |    60 ||   338
Dodge: Dodged            |    51 |    95 |    88 |   163 |    50 ||   447
Block: Shield            |       |       |    65 |    22 |       ||    87

Table legend:
 A = Spawn XP
 B = Non-spawn XP
 C = Spawn XP percentage of total XP
 D = Spawn monster count
 E = Non-spawn monster count
 F = Spawn count percentage of total count
 G = Total turns spent on level
                    A         B        C        D         E        F      G
               +---------+---------+-------+---------+---------+-------+---------
         Total |       0 |   50389 |   0.0 |       0 |     423 |   0.0 | 16331
               +---------+---------+-------+---------+---------+-------+---------
           D:1 |       0 |      28 |   0.0 |       0 |      18 |   0.0 |   824
           D:2 |       0 |     218 |   0.0 |       0 |      36 |   0.0 |  1635
           D:3 |       0 |      84 |   0.0 |       0 |      24 |   0.0 |   599
           D:4 |       0 |     276 |   0.0 |       0 |      27 |   0.0 |   370
           D:5 |       0 |     387 |   0.0 |       0 |      11 |   0.0 |   713
           D:6 |       0 |    1591 |   0.0 |       0 |      24 |   0.0 |  1340
           D:7 |       0 |    1121 |   0.0 |       0 |      20 |   0.0 |   762
           D:8 |       0 |    1231 |   0.0 |       0 |      14 |   0.0 |  1314
           D:9 |       0 |    3377 |   0.0 |       0 |      59 |   0.0 |  1155
          D:10 |       0 |    5675 |   0.0 |       0 |      52 |   0.0 |  2363
          D:11 |       0 |    8799 |   0.0 |       0 |      38 |   0.0 |  1520
          D:12 |       0 |   17286 |   0.0 |       0 |      57 |   0.0 |  2703
          D:13 |       0 |    6550 |   0.0 |       0 |      29 |   0.0 |   981
          D:14 |       0 |    3766 |   0.0 |       0 |      14 |   0.0 |    52
               +---------+---------+-------+---------+---------+-------+---------
